 Dungeon Crawl Stone Soup version 0.23.0-3-gf3c87f2 (webtiles) character file.

Game seed: 18230660478589324322

1986 Coron the Covered (level 9, -6/81 HPs)
             Began as a Deep Dwarf Summoner on Feb 22, 2019.
             Was a Believer of Makhleb.
             Mangled by an orc warrior
             ... wielding a +0 war axe
              (11 damage)
             ... in a bailey.
             The game lasted 00:36:40 (6686 turns).

Coron the Covered (Deep Dwarf Summoner)             Turns: 6686, Time: 00:36:41

Health: -6/81      AC:  9    Str: 15    XL:     9   Next: 1%
Magic:  12/12      EV: 10    Int: 16    God:    Makhleb [**....]
Gold:   304        SH:  0    Dex: 17    Spells: 9/12 levels left

rFire    . . .     SeeInvis .   E - +1 war axe (chop)
rCold    . . .     Gourm    .   (no shield)
rNeg     . . .     Faith    .   y - +0 scale mail
rPois    .         Spirit   .   (no helmet)
rElec    .         Reflect  .   (no cloak)
rCorr    .         Harm     .   (no gloves)
MR       +....                  M - +0 pair of boots
Stlth    +.........             G - amulet of magic regeneration
HPRegen  0.00/turn              F - +3 ring of slaying
MPRegen  0.38/turn              x - +4 ring of dexterity

@: marked, very slightly contaminated, non-regenerating
A: damage resistance, heal wounds, sense surroundings 2, no regeneration
a: Heal Wounds, Minor Destruction, Renounce Religion


You were in a bailey.
You worshipped Makhleb.
Makhleb was pleased with you.
You were very hungry.

You visited 2 branches of the dungeon, and saw 8 of its levels.
You also visited: Bailey.

You collected 304 gold pieces.

Inventory:

Hand Weapons
 e - a +0 hunting sling
 m - a +0 club
 v - a +0 blowgun
 D - a +0 hand axe
 E - a +1 war axe of chopping (weapon)
 J - a +0 shortbow
 K - a +0 hand crossbow
Missiles
 n - 8 curare-tipped needles
 o - 9 javelins (quivered)
 L - 44 bolts
 N - 20 poisoned needles
 O - 22 tomahawks of returning
Armour
 a - a +0 robe
 j - a +1 leather armour
 u - the cursed +1 ring mail "Leuxtusihu" {rN+ Str+5 Dex+3, unknown}
   (You found it on level 7 of the Dungeon)

   It affects your strength (+5).
   It affects your dexterity (+3).
   It protects you from negative energy.
   It has a curse placed upon it.
 y - a +0 scale mail (worn)
 z - a cursed +0 ring mail
 M - a +0 pair of boots (worn)
 P - a +0 chain mail
 R - a +0 plate armour
Jewellery
 w - an uncursed ring of resist corrosion
 x - a +4 ring of dexterity (right hand)
 A - an uncursed ring of stealth
 F - a +3 ring of slaying (left hand)
 G - an amulet of magic regeneration (around neck)
Wands
 k - a wand of acid (6)
 I - a wand of clouds (4)
Scrolls
 b - 4 scrolls of remove curse
 f - a scroll of enchant armour
 g - a scroll of immolation
 p - 3 scrolls of teleportation
 r - a scroll of fog
 C - a scroll of amnesia {unknown}
 H - a scroll of noise {unknown}
Potions
 d - 4 potions of flight
 h - 4 potions of haste
 i - a potion of lignification
 l - a potion of agility
 q - a potion of curing
 s - a potion of resistance {unknown}
 t - 2 potions of invisibility
 B - a potion of brilliance {unknown}
Comestibles
 c - 11 rations
 Q - 3 chunks of flesh


   Skills:
 - Level 5.6 Fighting
 - Level 5.6(5.7) Axes
 - Level 1.0(3.3) Maces & Flails
 - Level 2.0 Slings
 - Level 4.1 Crossbows
 + Level 6.5 Armour
 - Level 2.1 Dodging
 - Level 2.4 Stealth
 - Level 2.0 Spellcasting
 - Level 4.0 Summonings
 - Level 2.1 Evocations


You had 9 spell levels left.
You knew the following spells:

 Your Spells              Type           Power        Failure   Level  Hunger
a - Summon Small Mammal   Summ           ##..         14%         1    #......
b - Call Imp              Summ           ##......     21%         2    ###....

Your spell library contained the following spells:

 Spells                   Type           Power        Failure   Level  Hunger
 Call Canine Familiar     Summ           ##......     38%         3    ###....
 Summon Guardian Golem    Hex/Summ       #.......     67%         3    ###....
 Summon Ice Beast         Ice/Summ       #.......     97%         4    #####..
 Summon Lightning Spire   Summ/Air       #.......     97%         4    #####..


Dungeon Overview and Level Annotations

Branches:
Dungeon (7/15)             Temple (1/1) D:4

Altars:
Ashenzari
Cheibriados
Dithmenos
Elyvilon
Fedhas
Gozag
Hepliaklqana
Kikubaaqudgha
Makhleb
Nemelex Xobeh
Qazlal
Ru
Sif Muna
Trog
Uskayaw
Vehumet
Wu Jian
Xom
Yredelemnul
Zin
The Shining One

Annotations:
D:4 2 transporters mifi and necrophage, tamerofbeasts's ghost, amateur MiFi


Innate Abilities, Weirdness & Mutations

You are resistant to damage.
You can heal yourself by infusing magical energy.
You passively map the area around you.
You do not regenerate.


Message History

You kill the kobold!
Makhleb accepts your kill.
You feel better. The orc hits you but does no damage.
The orc hits you with a +0 hand axe.
You slash the orc warrior!
The orc warrior is heavily wounded.
You barely miss the orc.
The orc warrior hits you with a +0 war axe!
* * * LOW HITPOINT WARNING * * *
The orc completely misses you.
You slash the orc warrior!
The orc warrior is severely wounded.
You hit the orc. The orc barely misses you.
The orc warrior hits you with a +0 war axe!
* * * LOW HITPOINT WARNING * * *
You hit the orc warrior but do no damage.
The orc warrior is severely wounded.
You closely miss the orc. The orc barely misses you.
The orc warrior hits you with a +0 war axe!
You die...

####.............#*
###........≈≈≈≈≈≈≈≈≈#
##.......≈≈≈≈≈≈≈≈≈≈≈≈≈≈#
##......≈≈≈≈≈#########≈≈≈≈# *
###....≈≈≈≈≈≈≈∩#oKogogo#∩≈≈≈≈≈
##≈≈≈≈≈≈≈≈≈†)####oKg.Kg.####≈≈≈
≈≈≈≈≈≈≈≈...))#..####'####,.#.≈≈
≈≈≈≈#....†.###o(....... .# #.
######.....#.'@o####'##*
##.......###..# , ,
#.....⌠..†.#)(#,, *,
##.........#)## *
##........))(######
####......)......., ,
#############.# *** * ,, , **


You could see an orc warrior and an orc.

Vanquished Creatures
  An orc knight (Bailey)
  Sigmund (D:5)
  Eustachio (D:5)
  A water moccasin (D:6)
  3 orc warriors (Bailey)
  A sky beast (D:6)
  2 centaurs
  A howler monkey (D:4)
  An orc wizard (D:6)
  2 hounds
  A bullfrog skeleton (D:4)
  An iguana (D:6)
  A worker ant (D:4)
  A hound skeleton (D:6)
  A worker ant zombie (D:5)
  2 adders
  An adder zombie (D:6)
  An adder skeleton (D:6)
  2 worms (D:2)
  2 dart slugs
  4 leopard geckos
  8 orcs
  2 ball pythons
  3 giant cockroaches
  8 goblins
  7 hobgoblins
  5 jackals
  23 kobolds
  3 quokkas
  5 bats
  4 frilled lizards
  2 goblin skeletons (D:4)
  A hobgoblin zombie (D:4)
  A jackal zombie (D:5)
  3 kobold zombies (D:4)
  An orc zombie (D:4)
  A quokka skeleton (D:7)
  7 rats
115 creatures vanquished.

Vanquished Creatures (collateral kills)
  A centaur (D:5)
  A bullfrog (D:6)
  A big kobold (D:7)
  3 crimson imps
  2 orc priests (D:3)
  A worker ant (D:6)
  6 orc wizards
  2 adders (D:2)
  An adder skeleton (D:4)
  A dart slug (D:1)
  4 leopard geckos
  11 orcs
  3 giant cockroaches
  3 goblins
  3 hobgoblins
  10 jackals
  2 quokkas
  3 bats
  2 frilled lizards
  3 kobolds
  2 rats (D:1)
65 creatures vanquished.

Grand Total: 180 creatures vanquished

Notes
Turn   | Place    | Note
-------+----------+-------------------------------------------
     0 | D:1      | Coron the Deep Dwarf Summoner began the quest for the Orb.
     0 | D:1      | Reached XP level 1. HP: 15/15 MP: 3/3
   259 | D:1      | Reached XP level 2. HP: 24/24 MP: 0/5
   367 | D:1      | Learned a level 2 spell: Call Imp
   427 | D:1      | Reached skill level 1 in Fighting
  1066 | D:2      | Reached XP level 3. HP: 27/31 MP: 3/6
  1576 | D:2      | Found a shimmering altar of Xom.
  1577 | D:2      | Found a bloodstained altar of Trog.
  1631 | D:2      | Reached skill level 1 in Slings
  2227 | D:3      | Reached XP level 4. HP: 34/39 MP: 2/7
  2342 | D:3      | Found a deep blue altar of Sif Muna.
  2523 | D:3      | Reached skill level 1 in Armour
  2762 | D:3      | Reached XP level 5. HP: 33/46 MP: 4/8
  2790 | D:3      | Reached skill level 2 in Armour
  2842 | D:3      | Found a bloodstained altar of Trog.
  3418 | D:3      | Reached skill level 3 in Armour
  3602 | D:4      | Found a staircase to the Ecumenical Temple.
  3609 | Temple   | Entered the Ecumenical Temple
  3748 | Temple   | Became a worshipper of Makhleb the Destroyer
  3842 | D:4      | Reached skill level 1 in Axes
  3896 | D:4      | Found a glowing golden altar of the Shining One.
  3938 | D:4      | Reached XP level 6. HP: 29/56 MP: 7/9
  4137 | D:4      | Reached skill level 4 in Armour
  4150 | D:4      | Found a glowing silver altar of Zin.
  4208 | D:4      | Found a transporter.
  4223 | D:4      | Found a transporter.
  4224 | D:4      | Noticed tamerofbeasts's ghost (amateur MiFi)
  4355 | D:4      | Found a hazy altar of Hepliaklqana.
  4356 | D:4      | Found a hide-covered altar of Uskayaw.
  4446 | D:5      | Entered Level 5 of the Dungeon
  4484 | D:5      | Reached skill level 1 in Maces & Flails
  4629 | D:5      | Reached * piety under Makhleb
  4725 | D:5      | Noticed Eustachio
  4784 | D:5      | Killed Eustachio
  4784 | D:5      | Reached XP level 7. HP: 37/62 MP: 10/10
  4807 | D:5      | Noticed Sigmund
  4840 | D:5      | Killed Sigmund
  4840 | D:5      | Reached skill level 5 in Axes
  5659 | D:6      | Reached skill level 1 in Evocations
  5676 | D:6      | Found a radiant altar of Vehumet.
  5783 | D:6      | Reached skill level 1 in Crossbows
  6061 | D:6      | Reached XP level 8. HP: 49/69 MP: 11/11
  6097 | D:6      | Reached skill level 5 in Armour
  6350 | D:7      | Found a stormy altar of Qazlal.
  6356 | D:7      | Got a dazzling ring mail
  6397 | D:7      | Reached ** piety under Makhleb
  6415 | D:7      | Found a flagged portal.
  6427 | Bailey   | Entered a bailey
  6434 | Bailey   | Noticed an orc knight
  6639 | Bailey   | Killed an orc knight
  6639 | Bailey   | Reached skill level 5 in Fighting
  6639 | Bailey   | Reached skill level 6 in Armour
  6648 | Bailey   | Gained mutation: You passively map the area around you.
                  | [Deep Dwarf growth]
  6648 | Bailey   | Reached XP level 9. HP: 26/81 MP: 10/12
  6686 | Bailey   | Mangled by an orc warrior

Skill      XL: |  1  2  3  4  5  6  7  8 |
---------------+-------------------------+-----
Spellcasting   | 2 |  2.0
Fighting       | 1 2 3 5 |  5.6
Summonings     | 4 |  4.0
Slings         | 2 |  2.0
Armour         | 1 3 4 6 |  6.5
Axes           | 1 4 5 |  5.6
Maces & Flails | 1 |  1.0
Evocations     | 2 |  2.1
Crossbows      | 2 4 |  4.1
Dodging        | |  2.1
Stealth        | |  2.4

Action                   |  1- 3 |  4- 6 |  7- 9 || total
-------------------------+-------+-------+-------++-------
Melee: Unarmed           |    10 |       |       ||    10
       Club              |    51 |       |       ||    51
       Hunting sling     |       |     1 |       ||     1
       War axe           |       |    94 |    99 ||   193
 Fire: Hunting sling     |    55 |    74 |       ||   129
       Hand crossbow     |       |       |    36 ||    36
Throw: Throwing net      |       |       |     1 ||     1
 Cast: Summon Small Mamm |    15 |       |       ||    15
       Call Imp          |    21 |    37 |    35 ||    93
 Abil: Heal Wounds       |       |     4 |     3 ||     7
Evoke: Wand              |       |       |     1 ||     1
  Use: Scroll            |     5 |     5 |     4 ||    14
       Potion            |       |       |     2 ||     2
 Stab: Sleeping          |     2 |     5 |       ||     7
       Distracted        |       |     3 |       ||     3
  Eat: Chunk             |     4 |    12 |     6 ||    22
       Ration            |       |       |     1 ||     1
Armor: Robe              |     6 |       |       ||     6
       Leather armour    |    35 |    34 |       ||    69
       Scale mail        |       |    83 |    62 ||   145
Dodge: Dodged            |    82 |   174 |   102 ||   358
